 Dungeon Crawl Stone Soup version 0.25-a0-1137-g7f6bfe439b (webtiles) character file.

Game seed: 12642313342557985768, levelgen mode: deterministic

52801 HoaS the Brawler (level 14, 0/96 HPs)
             Began as a Gargoyle Berserker on May 23, 2020.
             Was the Champion of Trog.
             Killed by divine providence
             ... invoked by Saint Roka
              (9 damage)
             ... on level 2 of the Orcish Mines.
             The game lasted 01:04:46 (24881 turns).

HoaS the Brawler (Gargoyle Berserker)              Turns: 24881, Time: 01:04:47

Health: 0/96       AC: 30    Str: 25    XL:     14   Next: 65%
Magic:  14/14      EV: 15    Int:  8    God:    Trog [******]
Gold:   1828       SH:  0    Dex: 10    Spells: 13/13 levels left

rFire    + . .     SeeInvis +     - Unarmed
rCold    . . .     Gourm    .   (no shield)
rNeg     + . .     Faith    .   y - +2 plate armour {rF+}
rPois    ∞         Spirit   .   N - +2 helmet {SInv}
rElec    +         Reflect  .   (no cloak)
rCorr    .         Harm     .   x - +1 pair of gloves
MR       +....                  E - +1 pair of boots
Stlth    ..........             (no amulet)
HPRegen  0.26/turn              r - +4 ring of evasion
MPRegen  0.14/turn              q - +4 ring of evasion

@: berserk cooldown, flying, slowed, very slow
A: big wings, negative energy resistance 1, electricity resistance, unbreathing,
petrification resistance, rot immunity, AC +10
a: Stop Flying, Berserk, Trog's Hand, Brothers in Arms, Renounce Religion


You were on level 2 of the Orcish Mines.
You worshipped Trog.
Trog was exalted by your worship.
You were hungry.

You visited 3 branches of the dungeon, and saw 19 of its levels.
You also visited: Bailey.

You collected 1906 gold pieces.
You spent 78 gold pieces at shops.

Inventory:

Hand Weapons
 w - a +0 shortbow
Missiles
 f - 174 arrows (quivered)
Armour
 x - a +1 pair of gloves (worn)
 y - a +2 plate armour of fire resistance (worn)
 E - a +1 pair of boots (worn)
 N - a +2 helmet of see invisible (worn)
Jewellery
 q - a +4 ring of evasion (right hand)
 r - a +4 ring of evasion (left hand)
 u - an uncursed ring of protection from magic
 C - a +6 ring of strength
 F - an uncursed ring of ice
 K - the ring "Fenel" {+Fly rN+ Int+4 Dex+4}
   (You took it off a spriggan on level 2 of the Lair of Beasts)

   [ring of positive energy]

   It affects your intelligence (+4).
   It affects your dexterity (+4).
   It protects you from negative energy.
   It lets you fly.
Wands
 d - a wand of random effects (44)
 n - a wand of digging (8)
 o - a wand of iceblast (21)
 D - a wand of enslavement (7)
 I - a wand of polymorph (16)
 J - a wand of flame (37)
Scrolls
 a - 4 scrolls of teleportation
 e - a scroll of identify
 p - 2 scrolls of blinking
 s - 2 scrolls of magic mapping
 B - 5 scrolls of remove curse
 L - a scroll of fear
Potions
 c - 11 potions of curing
 g - a potion of berserk rage
 h - 5 potions of haste
 i - 4 potions of stabbing
 j - a potion of lignification {unknown}
 k - 3 potions of mutation
 l - 4 potions of flight
 m - a potion of experience {unknown}
 t - 6 potions of heal wounds
 v - 2 potions of ambrosia {unknown}
 A - a potion of resistance {unknown}
 H - 2 potions of might
Comestibles
 b - 54 rations
 z - 8 chunks of flesh


   Skills:
 + Level 14.6 Fighting
 + Level 14.5 Bows
 - Level 2.1 Armour
 - Level 1.5 Dodging
 * Level 15.0 Unarmed Combat


You had 13 spell levels left.
You didn't know any spells.
Your spell library was empty.

Dungeon Overview and Level Annotations

Branches:
Dungeon (11/15) Temple (0/1) D:6 Lair (6/6) D:11 Shoals (0/4) Lair:4 Snake (0/4) Lair:3 Slime (0/5) Lair:6 Orc (2/2) D:9 Elf (0/3) Orc:1 Orc:2 Bailey (visited)

Altars:
Ashenzari
Dithmenos
Kikubaaqudgha
Okawaru
Ru
Trog
Wu Jian
Xom
Beogh
Jiyva

Shops:
D:6 *   D:9 *   Orc:2 !*

Annotations:
Lair:3 exclusion: oklob plant
Orc:2 Saint Roka


Innate Abilities, Weirdness & Mutations

You are resistant to torment.
Your stone body is resilient. (AC +10)
You are immune to poison.
Your large and strong wings let you fly indefinitely.
You resist negative energy. (rN+)
You are resistant to electric shocks. (rElec)
You can survive without breathing.
You are immune to petrification.
You are immune to rotting.


Message History

You punch Saint Roka!
Saint Roka is severely wounded.
You are no longer berserk.
You are exhausted.
You feel yourself slow down. Saint Roka hits you but does no damage.
Your plate armour prevents you from hitting Saint Roka.
Saint Roka is severely wounded.
Saint Roka mumbles some strange prayers to Beogh against you.
Beogh smites you!
* * * LOW HITPOINT WARNING * * *
You hit Saint Roka but do no damage.
Saint Roka is severely wounded.
Saint Roka mumbles some strange prayers to Beogh against you.
Beogh smites you!
* * * LOW HITPOINT WARNING * * *
You hit Saint Roka.
Saint Roka is severely wounded.
Saint Roka invokes the aid of Beogh against you.
Beogh smites you!
You die...

....###.....###.)# #.......#.##.
......##'()##....####........#.#.
....#.....(.......##...##....#...
........8.8(.))#...##.##.#.....)[
.).........)(.......######.......
'#.))...))...().)..## ##......
.##..........)(..##### ####.....
..#...........)o.###.####........
..#...........).@##)).#.......^..
..#...........)...)...........#..
.##.....#.............#....#.#...
##................))(##....##....
......#.............###......#...
.#...................####....#...
.....##........)......# #........
.#....###...#.##.#.#.## ##.......
##...####..#...####### ###....#


You could see Saint Roka.

Vanquished Creatures
  An orc warlord (Orc:1)
  4 hydras
  2 catoblepae (Lair:3)
  Erica (D:11)
  5 two-headed ogres
  An orc high priest (Orc:1)
  Nergalle (Orc:1)
  Pikel (D:8)
  An orc knight (Orc:2)
  A cyclops (Orc:2)
  An orc sorcerer (Orc:2)
  5 black mambas
  4 elephants (Lair:4)
  17 spiny frogs
  2 komodo dragons (Lair:6)
  A kobold demonologist (D:11)
  3 rime drakes
  A troll (D:11)
  4 tyrant leeches (Lair:6)
  A hornet (Lair:2)
  14 blink frogs
  11 hippogriffs
  2 spriggans
  4 wyverns
  37 yaks
  6 vampire mosquitoes
  4 wargs
  A naga (Lair:3)
  3 swamp worms (Lair:6)
  14 water moccasins
  Duvessa (D:5)
  4 porcupines
  2 ice beasts
  4 sky beasts
  38 orc warriors
  4 slaves (D:8)
  2 black bears
  A hornet zombie (D:9)
  4 phantoms
  7 ogres
  41 wolves
  3 centaurs
  15 crocodiles
  35 bullfrogs
  Blork the orc (D:5)
  Dowan (D:5)
  A scorpion (D:9)
  6 howler monkeys
  2 electric eels
  2 bullfrog zombies
  A crimson imp (D:5)
  A quasit (D:9)
  3 hounds
  4 centaur skeletons
  A jelly (D:6)
  22 orc priests
  21 orc wizards
  2 bullfrog skeletons
  2 iguanas
  4 worker ants
  A hound zombie (D:7)
  A hound skeleton (D:6)
  15 adders
  16 gnolls
  A shadow imp (D:11)
  3 oozes
  4 adder skeletons
  A worm (D:6)
  A dart slug (D:2)
  7 leopard geckos
  101 orcs
  4 giant cockroaches
  12 goblins
  22 hobgoblins
  8 jackals
  7 quokkas
  A ball python (D:3)
  10 bats
  4 frilled lizards
  14 kobolds
  5 rats
626 creatures vanquished.

Vanquished Creatures (others)
  An orc warrior (D:6)
  An ogre (D:6)
  A bullfrog (D:6)
  An adder (D:6)
  12 fungi
  31 plants
47 creatures vanquished.

Grand Total: 673 creatures vanquished

Notes
Turn   | Place    | Note
-------+----------+-------------------------------------------
     0 | D:1      | HoaS the Gargoyle Berserker began the quest for the Orb.
     0 | D:1      | Reached XP level 1. HP: 14/14 MP: 1/1
   444 | D:1      | Reached XP level 2. HP: 14/19 MP: 2/2
   820 | D:1      | Reached XP level 3. HP: 24/24 MP: 3/3
  1365 | D:2      | Reached ** piety under Trog
  1380 | D:2      | Reached skill level 4 in Unarmed Combat
  1380 | D:2      | Reached XP level 4. HP: 27/29 MP: 4/4
  2228 | D:3      | Reached XP level 5. HP: 30/34 MP: 5/5
  2471 | D:3      | Reached skill level 5 in Unarmed Combat
  2831 | D:3      | Reached *** piety under Trog
  3346 | D:4      | Reached XP level 6. HP: 39/40 MP: 6/6
  3388 | D:4      | Reached skill level 5 in Fighting
  3804 | D:4      | You fall into a shaft and drop 2 floors!
  3804 | D:6      | Noticed a black bear
  3816 | D:6      | Killed a black bear
  3816 | D:6      | Reached skill level 6 in Unarmed Combat
  3823 | D:6      | Found a shimmering altar of Xom.
  3828 | D:6      | Reached skill level 7 in Unarmed Combat
  3828 | D:6      | Reached XP level 7. HP: 46/46 MP: 7/7
  3953 | D:6      | Found a shadowy altar of Dithmenos.
  4285 | D:6      | Reached XP level 8. HP: 52/52 MP: 8/8
  4385 | D:6      | Reached skill level 8 in Unarmed Combat
  4404 | D:6      | Found a staircase to the Ecumenical Temple.
  4640 | D:5      | Entered Level 5 of the Dungeon
  4783 | D:4      | Found a shattered altar of Ashenzari.
  4932 | D:5      | Noticed Duvessa
  4932 | D:5      | Noticed Dowan
  4966 | D:5      | Killed Duvessa
  4966 | D:5      | Reached skill level 9 in Unarmed Combat
  4988 | D:5      | Killed Dowan
  5088 | D:5      | Noticed Blork the orc
  5104 | D:5      | Killed Blork the orc
  5297 | D:5      | Reached XP level 9. HP: 58/58 MP: 9/9
  5413 | D:5      | Found an ancient bone altar of Kikubaaqudgha.
  5415 | D:5      | Found a bloodstained altar of Trog.
  5415 | D:5      | Found an iron altar of Okawaru.
  5419 | D:5      | Found an ornate altar of the Wu Jian Council.
  5421 | D:5      | Found a sacrificial altar of Ru.
  6011 | D:6      | Found a shimmering altar of Xom.
  6069 | D:6      | Found Notill's General Store.
  6072 | D:6      | Bought a +0 shortbow for 39 gold pieces
  6111 | D:7      | Reached **** piety under Trog
  6111 | D:7      | Reached skill level 1 in Bows
  6531 | D:7      | Reached skill level 10 in Unarmed Combat
  7102 | D:8      | Noticed Pikel
  7139 | D:8      | Killed Pikel
  7309 | D:8      | Noticed a two-headed ogre
  7318 | D:8      | Killed a two-headed ogre
  7318 | D:8      | Reached skill level 5 in Bows
  7318 | D:8      | Reached XP level 10. HP: 66/66 MP: 10/10
  7923 | D:9      | Found a staircase to the Orcish Mines.
  8197 | D:9      | Reached ***** piety under Trog
  8628 | D:9      | Found Ynniac's General Store.
  8636 | D:9      | Bought a scroll of remove curse for 39 gold pieces
  8775 | D:9      | Reached skill level 11 in Unarmed Combat
  9016 | D:10     | Entered Level 10 of the Dungeon
  9062 | D:10     | Found a flagged portal.
  9071 | Bailey   | Entered a bailey
  9778 | D:10     | Reached skill level 10 in Fighting
 10352 | D:11     | Noticed Erica
 10360 | D:11     | Killed Erica
 10360 | D:11     | Reached XP level 11. HP: 65/72 MP: 11/11
 10646 | D:11     | Noticed a manticore
 10900 | D:11     | Found a staircase to the Lair.
 10942 | D:11     | Noticed a two-headed ogre
 10950 | D:11     | Killed a two-headed ogre
 11088 | Lair:1   | Entered Level 1 of the Lair of Beasts
 11208 | Lair:1   | Noticed a seven-headed hydra
 11223 | Lair:1   | Killed a seven-headed hydra
 11525 | Lair:1   | Reached skill level 10 in Bows
 11799 | Lair:1   | Received a gift from Trog
 11813 | Lair:1   | Reached skill level 12 in Unarmed Combat
 12177 | Lair:1   | Reached XP level 12. HP: 72/80 MP: 12/12
 12733 | Lair:2   | Received a gift from Trog
 12806 | Lair:2   | Identified the ring "Fenel" {+Fly rN+ Int+4 Dex+4}
 12806 | Lair:2   | Noticed a spriggan rider
 12823 | Lair:2   | Killed a spriggan rider
 12916 | Lair:2   | Noticed a six-headed hydra
 12943 | Lair:2   | HP: 2/121 [six-headed hydra (8)]
 12948 | Lair:2   | Killed a six-headed hydra
 14243 | Lair:3   | Noticed a catoblepas
 14264 | Lair:3   | Killed a catoblepas
 14523 | Lair:3   | Noticed a catoblepas
 14550 | Lair:3   | Killed a catoblepas
 14550 | Lair:3   | Reached skill level 13 in Unarmed Combat
 14550 | Lair:3   | Reached XP level 13. HP: 9/87 MP: 13/13
 15349 | Lair:3   | Found a staircase to the Snake Pit.
 16267 | Lair:4   | Found a staircase to the Shoals.
 18213 | Lair:6   | Entered Level 6 of the Lair of Beasts
 18749 | Lair:5   | Reached ****** piety under Trog
 19121 | Lair:6   | Found a viscous altar of Jiyva.
 19123 | Lair:6   | Found a staircase to the Slime Pits.
 19274 | Lair:6   | Received a gift from Trog
 19575 | Lair:5   | Reached skill level 14 in Unarmed Combat
 19581 | Lair:6   | Gained mutation: Your large and strong wings let you fly
                  | indefinitely. [Gargoyle growth]
 19581 | Lair:6   | Reached XP level 14. HP: 61/95 MP: 14/14
 20865 | Lair:6   | Got a flickering golden ring
 20868 | Lair:6   | Identified the cursed ring of Modesty {Str-4 Int+5} (You
                  | found it on level 6 of the Lair of Beasts)
 21529 | Orc:1    | Entered Level 1 of the Orcish Mines
 22387 | Orc:1    | Found a roughly hewn altar of Beogh.
 22551 | Orc:1    | Received a gift from Trog
 22551 | Orc:1    | Noticed Nergalle
 22565 | Orc:1    | Killed Nergalle
 22857 | Orc:2    | Entered Level 2 of the Orcish Mines
 22857 | Orc:2    | Found a staircase to the Elven Halls.
 22972 | Orc:2    | Noticed an orc warlord
 23080 | Orc:1    | Killed an orc warlord
 23238 | Orc:2    | Found a roughly hewn altar of Beogh.
 23420 | Orc:2    | Found a roughly hewn altar of Beogh.
 23456 | Orc:2    | Found a roughly hewn altar of Beogh.
 23479 | Orc:2    | Found Jiluffie's Assorted Antiques.
 23888 | Orc:2    | Found a roughly hewn altar of Beogh.
 23972 | Orc:2    | Found Cekhlyiwy's Distillery.
 24020 | Orc:2    | Found a roughly hewn altar of Beogh.
 24116 | Orc:2    | Found a roughly hewn altar of Beogh.
 24528 | Orc:2    | Noticed Saint Roka
 24607 | Orc:2    | Reached skill level 15 in Unarmed Combat
 24627 | Orc:2    | Found a roughly hewn altar of Beogh.
 24881 | Orc:2    | Killed from afar by Saint Roka

Illustrated notes

Levels and vault maps discovered:
D:1:      dpeg_arrival_water_temple_mockup, layout_basic
D:2:      cheibrodos_pilgrimage, layout_basic, minivault_5, roderic_lattice_a
D:3:      layout_basic
D:4:      layout_basic, evilmike_ruin_ashenzari
D:5:      layout_basic, minitemple, first_ration, uniq_duvessa,
          uniq_blork_the_orc
D:6:      layout_basic, chequers_temple_overflow_statue_of_worship,
          minmay_temple_entry_statues_fountains, serial_shops,
          kennysheep_mini_moat, xom_confusion_cloud
D:7:      layout_basic, kennysheep_donut, the_bakery
D:8:      layout_basic, uniq_pikel
D:9:      layout_basic, david_orc_3, serial_shops, shop_fountains
D:10:     layout_long_grid, enter_bailey_2
D:11:     layout_rooms, lair_entry_dummy, uniq_erica
Lair:1:   layout_regular_city
Lair:2:   layout_loops_ring, st_stairs_4, grunt_forest_large_clearings,
          lemuel_fruit_tree
Lair:3:   layout_layer_cave, guppyfry_snake_entry_island
Lair:4:   layout_loops_ring, shoals_dummy_entry, serial_bayou_pond_d
Lair:5:   layout_cave_pods, infiniplex_staircase_pool_2, grunt_megastairs_1
Lair:6:   minmay_lair_end_frog_pond, layout_regular_city, slime_altar_1,
          worms_lemuel
Orc:1:    layout_caves, nicolae_orc_damp_corner, bh_open_orc_temple,
          uniq_nergalle
Orc:2:    grunt_orc_community_town_hall, layout_diamond_mine,
          grunt_orc_community_big_house_2, grunt_orc_community_big_house_1,
          grunt_orc_community_house_3, grunt_orc_community_house_3,
          grunt_orc_community_house_2, grunt_orc_community_house_2,
          grunt_orc_community_house_1, grunt_orc_community_house_3, basic_altar

Skill      XL: |  1  2  3  4  5  6  7  8  9 10 11 12 13 14 |
---------------+-------------------------------------------+-----
Fighting       | 4 6 7 9 10 11 12 13 14 | 14.6
Unarmed Combat | 4 5 7 9 10 11 12 13 14 15 | 15.0
Bows           | 5 8 10 12 14 | 14.5
Armour         | |  2.1
Dodging        | |  1.5

Action                   |  1- 3 |  4- 6 |  7- 9 | 10-12 | 13-15 || total
-------------------------+-------+-------+-------+-------+-------++-------
Melee: Unarmed           |    87 |   266 |   354 |   875 |  1001 ||  2583
       Punch             |     1 |     4 |     9 |    31 |    47 ||    92
 Fire: Shortbow          |       |       |       |   105 |   333 ||   438
Invok: Trog's Hand       |     1 |       |     1 |     2 |     4 ||     8
       Berserk           |       |     2 |     2 |     2 |     2 ||     8
 Abil: Fly               |       |       |       |       |     1 ||     1
  Use: Scroll            |       |       |    10 |    11 |     8 ||    29
 Stab: Petrified         |       |       |       |     5 |       ||     5
  Eat: Chunk             |     1 |     9 |    14 |    26 |    37 ||    87
Armor: Animal skin       |    12 |       |       |       |       ||    12
       Leather armour    |    17 |       |       |       |       ||    17
       Chain mail        |     6 |   190 |   161 |   134 |       ||   491
       Plate armour      |       |       |       |   277 |   525 ||   802
Dodge: Dodged            |    64 |   137 |   116 |   719 |   754 ||  1790

Table legend:
 A = Non-vault XP
 B = Vault XP
 C = Vault XP percentage of total XP
 D = Non-vault monster count
 E = Vault monster count
 F = Vault count percentage of total count
                 A         B        C        D         E       F
            +---------+---------+-------+---------+---------+-------
      Total |   48550 |   26881 |  35.6 |     410 |     212 |  34.1
            +---------+---------+-------+---------+---------+-------
        D:1 |      42 |       3 |   6.7 |      24 |       1 |   4.0
        D:2 |      48 |      56 |  53.8 |      21 |       6 |  22.2
        D:3 |      90 |       0 |   0.0 |      26 |       0 |   0.0
        D:4 |     178 |       0 |   0.0 |      10 |       0 |   0.0
        D:5 |     229 |     313 |  57.7 |       5 |       3 |  37.5
        D:6 |    1519 |      41 |   2.6 |      24 |       4 |  14.3
        D:7 |     821 |     220 |  21.1 |      19 |       1 |   5.0
        D:8 |    1845 |     752 |  29.0 |      27 |       4 |  12.9
        D:9 |    1751 |       3 |   0.2 |      25 |       1 |   3.8
       D:10 |    1102 |       0 |   0.0 |      20 |       0 |   0.0
       D:11 |    2315 |     886 |  27.7 |      11 |       1 |   8.3
     Lair:1 |    7292 |       0 |   0.0 |      33 |       0 |   0.0
     Lair:2 |    5598 |    4675 |  45.5 |      24 |      34 |  58.6
     Lair:3 |    6015 |     163 |   2.6 |      26 |       1 |   3.7
     Lair:4 |    5091 |       0 |   0.0 |      19 |       0 |   0.0
     Lair:5 |    2058 |    6917 |  77.1 |      13 |      25 |  65.8
     Lair:6 |    4472 |    5951 |  57.1 |      14 |      25 |  64.1
      Orc:1 |    5172 |    1669 |  24.4 |      43 |       4 |   8.5
      Orc:2 |    2912 |    4881 |  62.6 |      26 |      68 |  72.3
     Bailey |       0 |     351 | 100.0 |       0 |      34 | 100.0
            +---------+---------+-------+---------+---------+-------
